 Dungeon Crawl Stone Soup version 0.29.0-4-gdea44cf6ec (webtiles) character file.

Game seed: 1017392031509122184

42884 qw the Brawler (level 13, -6/127 HPs)
             Began as a Troll Cinder Acolyte on Sept 1, 2022.
             Was an Elder of Okawaru.
             Mangled by an elephant simulacrum (12 damage)
             ... animated by a necromancer
             ... on level 5 of the Lair of Beasts.
             The game lasted 00:07:37 (14104 turns).

qw the Brawler (Troll Cinder Acolyte)              Turns: 14104, Time: 00:07:38

Health: -6/127     AC: 11    Str: 37    XL:     13   Next: 87%
Magic:  17/18      EV:  9    Int: 10    God:    Okawaru [****..]
Gold:   961        SH:  9    Dex:  7    Spells: 14/14 levels left

rFire   . . .      SeeInvis .     - Unarmed
rCold   . . .      Faith    .   h - +0 kite shield "Empenu" {rElec Str+4 Dex+2 Stlth-}
rNeg    + . .      Spirit   .   s - +1 acid dragon scales
rPois   .          Reflect  .   c - +0 hat of Conscience {rF+}
rElec   +          Harm     .   (no cloak)
rCorr   +          Rampage  .   (gloves unavailable)
Will    ++...      Clarity  +   (boots unavailable)
Stlth   +.........              (no amulet)
HPRegen 1.11/turn               e - ring "Iwerut" {rN+ Str+4}
MPRegen 0.16/turn               q - ring of willpower

@: about to teleport, heroic, fire susceptible
A: large, unfitting armour, claws 3, regeneration 1, shaggy fur 1, tough skin 1,
clarity, strong-willed 1, passive freeze
a: Renounce Religion, Heroism, Finesse


You were on level 5 of the Lair of Beasts.
You worshipped Okawaru.
Okawaru was greatly pleased with you.
You visited 3 branches of the dungeon, and saw 15 of its levels.

You collected 1227 gold pieces.
You spent 266 gold pieces at shops.


Innate Abilities, Weirdness & Mutations

You are too large for most types of armour.
You have claws for hands.
Your natural rate of healing is unusually fast.
You are covered in fur. (AC +1)
You have tough skin. (AC +1)
You possess an exceptional clarity of mind.
You are strong-willed. (Will+)
A frigid envelope surrounds you and freezes all who hurt you.


   Skills:
 - Level 8.0(13.0) Fighting
 - Level 5.0(10.0) Throwing
 - Level 3.0(8.0) Armour
 - Level 2.0(7.0) Dodging
 + Level 5.0(10.0) Shields
 - Level 18.5(23.5) Unarmed Combat
 - Level 1.0 Spellcasting
 - Level 2.1 Fire Magic
 + Level 8.4 Invocations


You had 14 spell levels left.
You didn't know any spells.
Your spell library contained the following spells:

 Spells                   Type           Power      Damage    Failure   Level
 Scorch                   Fire           8%         2d5       41%         2

Inventory:

Missiles
 r - a javelin (quivered)
Armour
 c - the +0 hat of Conscience (worn) {rF+}
   (You acquired it on level 7 of the Dungeon)

   rF:        It protects you from fire.
 h - the +0 kite shield "Empenu" (worn) {rElec Str+4 Dex+2 Stlth-}
   (Okawaru gifted it to you on level 4 of the Lair of Beasts)

   Str:       It affects your strength (+4).
   Dex:       It affects your dexterity (+2).
   rElec:     It insulates you from electricity.
   Stlth:     It makes you less stealthy.
 s - +1 acid dragon scales (worn)
Jewellery
 e - the ring "Iwerut" (left claw) {rN+ Str+4}
   (You found it on level 2 of the Dungeon)

   [ring of positive energy]

   Str:       It affects your strength (+4).
   rN:        It protects you from negative energy.
 f - a ring of protection from fire
 g - a ring of fire
 o - the amulet "Wiyst" {Spirit rElec}
   (You found it on level 6 of the Dungeon)

   [amulet of guardian spirit]

   It causes incoming damage to be divided between your reserves of health and
   magic.
   rElec:     It insulates you from electricity.
 q - a ring of willpower (right claw)
Scrolls
 a - 2 scrolls of identify
 j - 6 scrolls of teleportation
 l - a scroll of brand weapon
 m - 3 scrolls of enchant weapon
Potions
 b - a potion of mutation
 d - 2 potions of resistance
 i - 6 potions of curing
 k - a potion of might
 n - a potion of cancellation

Dungeon Overview and Level Annotations

Branches:
Dungeon (9/15)             Temple (1/1) D:6            Lair (5/5) D:9
 Shoals (0/4) Lair:2       Spider (0/4) Lair:3        Slime (0/5) Lair:4
    Orc: D:9-12

Altars:
Ashenzari
Cheibriados
Elyvilon
Okawaru
Ru
Uskayaw
Yredelemnul

Shops:
D:1 [   D:4 ?   D:7 [

Annotations:
D:7 Maggie
Lair:1 1 runed translucent door, qw's ghost, journeyman TrCA


Message History

Okawaru accepts your kill.
A freezing mist starts to gather...
An elephant simulacrum comes into view.
The cane toad simulacrum closely misses you.
You eviscerate the necromancer!!!
The necromancer is almost dead.
The cane toad simulacrum hits you. The cane toad simulacrum freezes you!
The cane toad simulacrum completely resists.
You mangle the necromancer!!
You kill the necromancer!
Okawaru accepts your kill. The cane toad simulacrum hits you!
The cane toad simulacrum freezes you!
The cane toad simulacrum completely resists.
Your base Shields skill increases to level 5!
14101 ||| READING 7 scrolls of teleportation.
As you read the scroll of teleportation, it crumbles to dust.
You feel strangely unstable.
You block the cane toad simulacrum's attack.
The cane toad simulacrum closely misses you.
14102 ||| DRINKING 3 potions of heal wounds.
You feel much better. The cane toad simulacrum hits you!
The cane toad simulacrum freezes you!
The cane toad simulacrum completely resists.
The cane toad simulacrum closely misses you.
14103 ||| DRINKING 2 potions of heal wounds.
You feel much better. The cane toad simulacrum hits you!
The cane toad simulacrum freezes you!
The cane toad simulacrum completely resists.
You block the elephant simulacrum's attack.
The elephant simulacrum trunk-slaps you but does no damage.
The elephant simulacrum completely resists.
The cane toad simulacrum hits you! The cane toad simulacrum freezes you!
The cane toad simulacrum completely resists.
14104 ||| DRINKING potion of heal wounds.
You feel much better.
The cane toad simulacrum closely misses you.
The cane toad simulacrum hits you. The cane toad simulacrum freezes you!!
The cane toad simulacrum completely resists.
The elephant simulacrum tramples you!
You die...

#8)8#P..#7.#......##
#%..#.###..##...####
####..##.##...##..##
#..'..#..#7...##...####
###P.'..#.##7..P#.#.###P.
#.P.#####.# 7..####.....P
#....'.P..# #7..###......
##...'.Z######..##.......
#...##8Z@Z..P#7.####....#
##..P#####..P##.P# ##...#
#...## ..P##..#####..P
#...# ...##...##....#
#7..P .p.##..)##.....
77P. 8[8#7.....#.... 77.P
#####..........
##..<......#
##...........


You could see an elephant simulacrum and 2 cane toad simulacra.

Vanquished Creatures
  3 dire elephants (Lair:5)
  Snorg (Lair:5)
  Harold (Lair:1)
  A catoblepas (Lair:1)
  A two-headed ogre (D:9)
  4 hydras
  Sonja (Lair:5)
  A spectral anaconda (Lair:5)
  A spectral death yak (Lair:5)
  A lindwurm (Lair:4)
  3 necromancers (Lair:5)
  11 elephants
  A manticore (Lair:2)
  4 black mambas
  A torpor snail (Lair:3)
  2 dire elephant zombies (Lair:5)
  A molten gargoyle (Lair:5)
  A dire elephant skeleton (Lair:5)
  11 cane toads
  5 rime drakes
  6 komodo dragons
  A wind drake (Lair:2)
  2 slime creatures (Lair:4)
  2 polar bears
  Grinder (D:4)
  23 blink frogs
  12 dream sheep
  3 spectral elephants (Lair:5)
  A spriggan (Lair:2)
  A dire elephant simulacrum (Lair:5)
  20 yaks
  2 wyverns (Lair:3)
  8 fire elementals
  A spectral cane toad (Lair:5)
  Edmund (D:5)
  2 acid dragons
  16 water moccasins
  2 ice beasts (D:7)
  2 sky beasts
  An orc warrior (D:7)
  4 black bears
  18 wolves
  2 ogres (D:4)
  6 centaurs
  15 bullfrogs
  4 kobold brigands
  2 necrophages
  A scorpion (D:5)
  2 cane toad simulacra (Lair:5)
  5 wights (D:8)
  11 killer bees
  A howler monkey (D:8)
  2 electric eels (Lair:4)
  2 jellies (Lair:4)
  3 orc priests
  2 hounds
  An iguana (D:6)
  Jessica (D:2)
  3 orc wizards
  3 gnolls (D:2)
  9 adders
  2 white imps (D:6)
  3 ufetubi
  2 worms
  A dart slug (D:3)
  30 orcs
  4 endoplasms
  4 giant cockroaches
  9 goblins
  9 hobgoblins
  A jackal (D:2)
  4 quokkas
  7 ball pythons
  A bat (D:2)
  5 frilled lizards
  26 kobolds
  6 rats
  A butterfly (Lair:1)
  A fire vortex (Lair:5)
375 creatures vanquished.

Vanquished Creatures (others)
  42 fungi
  53 plants
  15 withered plants (Lair:5)
110 creatures vanquished.

Grand Total: 485 creatures vanquished

Notes
Turn   | Place    | Note
-------+----------+-------------------------------------------
     0 | D:1      | qw the Troll Cinder Acolyte began the quest for the Orb.
     0 | D:1      | Reached XP level 1. HP: 22/22 MP: 1/1
     0 | D:1      | 0 ||| qw: Version: 0.1-a-97-g2dd2ca4
     0 | D:1      | 0 ||| qw: Game counter: 4815
     0 | D:1      | 0 ||| qw: Always use a shield: true
     0 | D:1      | 0 ||| qw: God list: Okawaru
     0 | D:1      | 0 ||| qw: Allow faded altars: false
     0 | D:1      | 0 ||| qw: Do Orc after D:15 true
     0 | D:1      | 0 ||| qw: Do second Lair branch before Depths: true
     0 | D:1      | 0 ||| qw: Lair rune preference: random
     0 | D:1      | 0 ||| qw: Plans: Normal
     0 | D:1      | 0 ||| PLANNING D:1-11
   190 | D:1      | Found Joyf's Antique Armour Boutique.
   213 | D:1      | 213 ||| BUYING glowing robe (62 gold).
   213 | D:1      | Bought a glowing robe for 62 gold pieces
   366 | D:1      | You fall into a shaft and drop 1 floor!
   367 | D:2      | Identified the ring "Iwerut" {rN+ Str+4}
   383 | D:2      | Reached XP level 2. HP: 29/29 MP: 2/2
   460 | D:2      | 460 ||| UPGRADING to +2 robe of willpower.
   473 | D:2      | 473 ||| DROPPING +0 robe.
   474 | D:2      | 474 ||| UPGRADING to ring "Iwerut" {rN+ Str+4}.
   475 | D:2      | 475 ||| READING scroll labelled ROACIXZOUGGE.
   767 | D:1      | Found a faded altar of an unknown god.
  1058 | D:1      | 1058 ||| DROPPING amulet of magic regeneration.
  1059 | D:1      | 1059 ||| READING scroll labelled WAQYTAYG PEUC.
  1060 | D:1      | 1060 ||| READING scroll labelled LADGHI ZILETI.
  1215 | D:2      | Noticed Jessica
  1222 | D:2      | Killed Jessica
  1223 | D:2      | Reached skill level 4 in Unarmed Combat
  1223 | D:2      | Reached XP level 3. HP: 32/36 MP: 3/3
  1272 | D:2      | 1272 ||| Stepping ~*~*~tactically~*~*~ (stealth).
  1290 | D:2      | 1290 ||| INVOKING Fiery Armour.
  1299 | D:2      | Reached XP level 4. HP: 29/44 MP: 4/4
  1301 | D:2      | Reached skill level 5 in Unarmed Combat
  1839 | D:2      | 1839 ||| READING scroll labelled ICAMEG LUDATT.
  1840 | D:2      | 1840 ||| READING scroll labelled YFOIDU IMUOJ.
  1841 | D:2      | 1841 ||| DRINKING 2 viscous puce potions.
  1842 | D:2      | 1842 ||| DROPPING potion of degeneration.
  2182 | D:3      | Noticed a centaur
  2183 | D:3      | 2183 ||| Stepping ~*~*~tactically~*~*~ (hiding).
  2184 | D:3      | 2184 ||| Stepping ~*~*~tactically~*~*~ (hiding).
  2185 | D:3      | 2185 ||| Stepping ~*~*~tactically~*~*~ (hiding).
  2193 | D:3      | Killed a centaur
  2194 | D:3      | Reached skill level 6 in Unarmed Combat
  2194 | D:3      | Reached XP level 5. HP: 36/50 MP: 5/5
  2248 | D:3      | Identified the +4 rapier of the Cup {drain, rElec Str-5
                  | Int+2}
  2291 | D:3      | Found a basalt altar of Yredelemnul.
  2870 | D:3      | 2870 ||| READING scroll labelled VUEWOE CIEPRUI.
  2874 | D:3      | 2874 ||| READING scroll labelled QER HIOBONOIS.
  2887 | D:4      | 2887 ||| Stepping ~*~*~tactically~*~*~ (stealth).
  2890 | D:4      | 2890 ||| Stepping ~*~*~tactically~*~*~ (stealth).
  2894 | D:4      | Noticed an ogre
  2895 | D:4      | 2895 ||| Stepping ~*~*~tactically~*~*~ (stealth).
  2902 | D:4      | 2902 ||| INVOKING Fiery Armour.
  2904 | D:4      | Killed an ogre
  2905 | D:4      | Reached skill level 7 in Unarmed Combat
  2905 | D:4      | Reached XP level 6. HP: 30/59 MP: 6/6
  2913 | D:4      | 2913 ||| FLEEEEING.
  2916 | D:4      | 2916 ||| STAIRDANCE
  3219 | D:4      | 3219 ||| Stepping ~*~*~tactically~*~*~ (stealth).
  3370 | D:4      | 3370 ||| Stepping ~*~*~tactically~*~*~ (stealth).
  3371 | D:4      | 3371 ||| Stepping ~*~*~tactically~*~*~ (stealth).
  3372 | D:4      | 3372 ||| Stepping ~*~*~tactically~*~*~ (stealth).
  3373 | D:4      | 3373 ||| Stepping ~*~*~tactically~*~*~ (stealth).
  3378 | D:4      | 3378 ||| Stepping ~*~*~tactically~*~*~ (outnumbered).
  3379 | D:4      | 3379 ||| Stepping ~*~*~tactically~*~*~ (outnumbered).
  3380 | D:4      | 3380 ||| Stepping ~*~*~tactically~*~*~ (outnumbered).
  3383 | D:4      | 3383 ||| INVOKING Fiery Armour.
  3384 | D:4      | 3384 ||| Stepping ~*~*~tactically~*~*~ (outnumbered).
  3385 | D:4      | 3385 ||| Stepping ~*~*~tactically~*~*~ (outnumbered).
  3386 | D:4      | 3386 ||| Stepping ~*~*~tactically~*~*~ (outnumbered).
  3481 | D:4      | Noticed Grinder
  3482 | D:4      | Found Cocid's Magic Scroll Emporium.
  3482 | D:4      | Paralysed by Grinder for 3 turns
  3490 | D:4      | Killed Grinder
  3491 | D:4      | Reached skill level 8 in Unarmed Combat
  3491 | D:4      | Reached XP level 7. HP: 66/66 MP: 7/7
  3725 | D:4      | 3725 ||| SHOPLISTING scroll of acquirement (624 gold, have
                  | 250).
  3725 | D:4      | 3725 ||| BUYING scroll of enchant armour (90 gold).
  3725 | D:4      | Bought a scroll of enchant armour for 90 gold pieces
  3725 | D:4      | 3725 ||| BUYING scroll of enchant weapon (90 gold).
  3725 | D:4      | Bought a scroll of enchant weapon for 90 gold pieces
  3725 | D:4      | 3725 ||| SHOPLISTING scroll of enchant weapon (90 gold,
                  | have 70).
  3725 | D:4      | 3725 ||| BUYING scroll of identify (24 gold).
  3725 | D:4      | Bought a scroll of identify for 24 gold pieces
  3725 | D:4      | 3725 ||| UPGRADING to ring of protection from fire.
  3726 | D:4      | 3726 ||| READING scroll labelled DOREM HAECOZ.
  3727 | D:4      | 3727 ||| DRINKING 2 fuming amethyst potions.
  3727 | D:4      | Gained mutation: You have hidden genetic potential. [potion
                  | of mutation]
  3727 | D:4      | Gained mutation: You possess an exceptional clarity of
                  | mind. [potion of mutation]
  3728 | D:4      | 3728 ||| READING 3 scrolls of identify.
  3728 | D:4      | 3728 ||| IDENTIFYING bubbling inky potion
  3729 | D:4      | 3729 ||| READING 2 scrolls of identify.
  3729 | D:4      | 3729 ||| IDENTIFYING coppery potion
  3811 | D:5      | Entered Level 5 of the Dungeon
  3877 | D:5      | 3877 ||| Stepping ~*~*~tactically~*~*~ (hiding).
  3878 | D:5      | 3878 ||| Stepping ~*~*~tactically~*~*~ (hiding).
  3880 | D:5      | 3880 ||| Stepping ~*~*~tactically~*~*~ (hiding).
  3886 | D:5      | 3886 ||| FLEEEEING.
  3901 | D:5      | 3901 ||| Stepping ~*~*~tactically~*~*~ (outnumbered).
  3905 | D:5      | 3905 ||| Stepping ~*~*~tactically~*~*~ (outnumbered).
  3908 | D:5      | Reached skill level 3 in Fighting
  3915 | D:5      | 3915 ||| Stepping ~*~*~tactically~*~*~ (stealth).
  3933 | D:5      | 3933 ||| Stepping ~*~*~tactically~*~*~ (stealth).
  3936 | D:5      | 3936 ||| Stepping ~*~*~tactically~*~*~ (stealth).
  4194 | D:5      | Reached skill level 9 in Unarmed Combat
  4302 | D:5      | Noticed Edmund
  4312 | D:5      | Killed Edmund
  4313 | D:5      | Reached skill level 1 in Dodging
  4333 | D:5      | Reached XP level 8. HP: 52/75 MP: 8/8
  4364 | D:5      | 4364 ||| READING scroll labelled UBREENO DUOLAU.
  4365 | D:5      | 4365 ||| DRINKING 2 viscous red potions.
  4366 | D:5      | 4366 ||| READING 2 scrolls of identify.
  4366 | D:5      | 4366 ||| IDENTIFYING amethyst potion
  4367 | D:5      | 4367 ||| DROPPING potion of attraction.
  4368 | D:5      | 4368 ||| READING 2 scrolls of teleportation.
  4409 | D:6      | 4409 ||| Stepping ~*~*~tactically~*~*~ (stealth).
  4429 | D:6      | Gained mutation: You are strong-willed. (Will+) [hidden
                  | potential]
  4513 | D:6      | 4513 ||| Stepping ~*~*~tactically~*~*~ (stealth).
  4579 | D:6      | Reached skill level 10 in Unarmed Combat
  4662 | D:6      | 4662 ||| Stepping ~*~*~tactically~*~*~ (stealth).
  4787 | D:6      | Identified the amulet "Wiyst" {Spirit rElec}
  4849 | D:6      | Found a staircase to the Ecumenical Temple.
  4969 | D:6      | Found a snail-covered altar of Cheibriados.
  5124 | D:6      | 5124 ||| Stepping ~*~*~tactically~*~*~ (hiding).
  5249 | D:6      | 5249 ||| UPGRADING to amulet "Wiyst" {Spirit rElec}.
  5254 | D:6      | 5254 ||| DROPPING +6 ring of intelligence.
  5255 | D:6      | 5255 ||| READING 2 scrolls of identify.
  5255 | D:6      | 5255 ||| IDENTIFYING fizzy silvery potion
  5256 | D:6      | 5256 ||| DROPPING potion of flight.
  5534 | D:7      | 5534 ||| INVOKING Fiery Armour.
  5539 | D:7      | 5539 ||| Stepping ~*~*~tactically~*~*~ (outnumbered).
  5540 | D:7      | 5540 ||| Stepping ~*~*~tactically~*~*~ (outnumbered).
  5541 | D:7      | 5541 ||| Stepping ~*~*~tactically~*~*~ (outnumbered).
  5542 | D:7      | 5542 ||| Stepping ~*~*~tactically~*~*~ (outnumbered).
  5543 | D:7      | 5543 ||| Stepping ~*~*~tactically~*~*~ (outnumbered).
  5547 | D:7      | 5547 ||| Stepping ~*~*~tactically~*~*~ (outnumbered).
  5555 | D:7      | Reached skill level 11 in Unarmed Combat
  5605 | D:7      | Found Neinarash's Armour Shoppe.
  5683 | D:7      | Noticed Maggie
  5690 | D:7      | 5690 ||| INVOKING Fiery Armour.
  5690 | D:7      | HP: 14/78 [Maggie/+2 morningstar of distortion (12)]
  5691 | D:7      | 5691 ||| READING 2 scrolls of teleportation.
  5692 | D:7      | 5692 ||| DRINKING potion of heal wounds.
  5793 | D:7      | 5793 ||| Stepping ~*~*~tactically~*~*~ (outnumbered).
  5811 | D:7      | 5811 ||| Stepping ~*~*~tactically~*~*~ (stealth).
  5812 | D:7      | 5812 ||| Stepping ~*~*~tactically~*~*~ (stealth).
  5813 | D:7      | 5813 ||| Stepping ~*~*~tactically~*~*~ (stealth).
  5816 | D:7      | 5816 ||| Stepping ~*~*~tactically~*~*~ (outnumbered).
  5817 | D:7      | 5817 ||| Stepping ~*~*~tactically~*~*~ (outnumbered).
  5818 | D:7      | 5818 ||| Stepping ~*~*~tactically~*~*~ (outnumbered).
  5820 | D:7      | 5820 ||| FLEEEEING.
  5821 | D:7      | 5821 ||| FLEEEEING.
  5826 | D:7      | 5826 ||| FLEEEEING.
  5849 | D:7      | Reached skill level 1 in Throwing
  5849 | D:7      | Reached XP level 9. HP: 84/84 MP: 9/9
  6013 | D:7      | 6013 ||| Stepping ~*~*~tactically~*~*~ (stealth).
  6014 | D:7      | 6014 ||| Stepping ~*~*~tactically~*~*~ (stealth).
  6024 | D:7      | Gained mutation: A frigid envelope surrounds you and
                  | freezes all who hurt you. [hidden potential]
  6024 | D:7      | Lost mutation: You have hidden genetic potential. [hidden
                  | potential expressed]
  6050 | D:7      | 6050 ||| Stepping ~*~*~tactically~*~*~ (stealth).
  6105 | D:7      | 6105 ||| Stepping ~*~*~tactically~*~*~ (stealth).
  6107 | D:7      | 6107 ||| Stepping ~*~*~tactically~*~*~ (hiding).
  6305 | D:7      | 6305 ||| UPGRADING to +0 acid dragon scales.
  6315 | D:7      | 6315 ||| DROPPING +2 robe of willpower.
  6316 | D:7      | 6316 ||| READING scroll of enchant armour.
  6316 | D:7      | 6316 ||| ENCHANTING +0 acid dragon scales.
  6317 | D:7      | 6317 ||| READING scroll labelled XOUNAUS NUFFINGAO.
  6418 | D:7      | 6418 ||| READING scroll labelled COUWKIUTERGH.
  6419 | D:7      | 6419 ||| READING scroll labelled ERA QOFISOCUL.
  6419 | D:7      | Identified a scroll of acquirement
  6419 | D:7      | 6419 ||| ACQUIRING +0 hat of Conscience {rF+}
  6419 | D:7      | Acquired the +0 hat of Conscience {rF+}
  6421 | D:7      | 6421 ||| UPGRADING to +0 hat of Conscience {rF+}.
  6527 | D:8      | 6527 ||| Stepping ~*~*~tactically~*~*~ (stealth).
  6528 | D:8      | 6528 ||| Stepping ~*~*~tactically~*~*~ (stealth).
  6530 | D:8      | 6530 ||| Stepping ~*~*~tactically~*~*~ (stealth).
  6533 | D:8      | 6533 ||| Stepping ~*~*~tactically~*~*~ (stealth).
  6680 | D:8      | Reached skill level 1 in Armour
  6824 | D:8      | 6824 ||| Stepping ~*~*~tactically~*~*~ (hiding).
  6836 | D:8      | 6836 ||| Stepping ~*~*~tactically~*~*~ (stealth).
  6846 | D:8      | 6846 ||| Stepping ~*~*~tactically~*~*~ (stealth).
  6847 | D:8      | 6847 ||| Stepping ~*~*~tactically~*~*~ (stealth).
  6852 | D:8      | 6852 ||| Stepping ~*~*~tactically~*~*~ (stealth).
  6999 | D:8      | 6999 ||| INVOKING Fiery Armour.
  7002 | D:8      | 7002 ||| FLEEEEING.
  7003 | D:8      | 7003 ||| FLEEEEING.
  7004 | D:8      | 7004 ||| FLEEEEING.
  7005 | D:8      | 7005 ||| FLEEEEING.
  7006 | D:8      | 7006 ||| FLEEEEING.
  7007 | D:8      | 7007 ||| FLEEEEING.
  7008 | D:8      | 7008 ||| FLEEEEING.
  7009 | D:8      | 7009 ||| FLEEEEING.
  7010 | D:8      | 7010 ||| FLEEEEING.
  7011 | D:8      | 7011 ||| FLEEEEING.
  7012 | D:8      | 7012 ||| FLEEEEING.
  7013 | D:8      | 7013 ||| FLEEEEING.
  7014 | D:8      | 7014 ||| FLEEEEING.
  7015 | D:8      | 7015 ||| FLEEEEING.
  7016 | D:8      | 7016 ||| FLEEEEING.
  7017 | D:8      | 7017 ||| FLEEEEING.
  7018 | D:8      | 7018 ||| FLEEEEING.
  7019 | D:8      | 7019 ||| FLEEEEING.
  7020 | D:8      | 7020 ||| FLEEEEING.
  7021 | D:8      | 7021 ||| FLEEEEING.
  7022 | D:8      | 7022 ||| FLEEEEING.
  7031 | D:8      | 7031 ||| FLEEEEING.
  7032 | D:8      | 7032 ||| FLEEEEING.
  7033 | D:8      | 7033 ||| FLEEEEING.
  7034 | D:8      | 7034 ||| FLEEEEING.
  7037 | D:8      | 7037 ||| FLEEEEING.
  7038 | D:8      | 7038 ||| FLEEEEING.
  7039 | D:8      | 7039 ||| FLEEEEING.
  7040 | D:8      | 7040 ||| FLEEEEING.
  7041 | D:8      | 7041 ||| FLEEEEING.
  7042 | D:8      | 7042 ||| FLEEEEING.
  7043 | D:8      | 7043 ||| FLEEEEING.
  7044 | D:8      | 7044 ||| FLEEEEING.
  7046 | D:8      | 7046 ||| FLEEEEING.
  7047 | D:8      | 7047 ||| FLEEEEING.
  7048 | D:8      | 7048 ||| FLEEEEING.
  7049 | D:8      | 7049 ||| FLEEEEING.
  7050 | D:8      | 7050 ||| STAIRDANCE
  7067 | D:7      | 7067 ||| DRINKING 2 lumpy yellow potions.
  7068 | D:7      | 7068 ||| DROPPING potion of brilliance.
  7075 | D:8      | 7075 ||| STAIRDANCE
  7080 | D:7      | Reached skill level 12 in Unarmed Combat
  7229 | D:8      | 7229 ||| Stepping ~*~*~tactically~*~*~ (hiding).
  7295 | D:8      | 7295 ||| Stepping ~*~*~tactically~*~*~ (hiding).
  7358 | D:8      | 7358 ||| READING 2 scrolls of identify.
  7358 | D:8      | 7358 ||| IDENTIFYING viscous brown potion
  7393 | D:9      | 7393 ||| STAIRDANCE
  7414 | D:9      | 7414 ||| STAIRDANCE
  7438 | D:9      | 7438 ||| STAIRDANCE
  7443 | D:9      | 7443 ||| STAIRDANCE
  7485 | D:9      | 7485 ||| STAIRDANCE
  7579 | D:9      | Reached XP level 10. HP: 96/96 MP: 10/10
  7591 | D:9      | Reached skill level 13 in Unarmed Combat
  7610 | D:9      | 7610 ||| Stepping ~*~*~tactically~*~*~ (stealth).
  7629 | D:9      | 7629 ||| FLEEEEING.
  7630 | D:9      | 7630 ||| FLEEEEING.
  7631 | D:9      | 7631 ||| FLEEEEING.
  7632 | D:9      | 7632 ||| FLEEEEING.
  7633 | D:9      | 7633 ||| FLEEEEING.
  7639 | D:9      | 7639 ||| FLEEEEING.
  7648 | D:9      | 7648 ||| STAIRDANCE
  7692 | D:9      | 7692 ||| Stepping ~*~*~tactically~*~*~ (outnumbered).
  7694 | D:9      | 7694 ||| FLEEEEING.
  7696 | D:9      | 7696 ||| STAIRDANCE
  7743 | D:9      | Found a staircase to the Lair.
  8102 | D:9      | Noticed a two-headed ogre
  8105 | D:9      | Killed a two-headed ogre
  8557 | D:9      | 8557 ||| PLANNING LAIR
  8557 | D:9      | 8557 ||| READING 2 scrolls labelled PIBOOCSAOFE.
  8558 | D:9      | 8558 ||| READING 2 scrolls of identify.
  8558 | D:9      | 8558 ||| IDENTIFYING fizzy coppery potion
  8559 | D:9      | 8559 ||| DROPPING scroll of butterflies.
  8611 | Lair:1   | Entered Level 1 of the Lair of Beasts
  8611 | Lair:1   | Noticed a cane toad
  8615 | Lair:1   | Killed a cane toad
  8687 | Lair:1   | Found a runed translucent door.
  8688 | Lair:1   | Noticed qw's ghost (journeyman TrCA)
  8698 | Lair:1   | Noticed a black mamba
  8702 | Lair:1   | Killed a black mamba
  8703 | Lair:1   | Reached skill level 14 in Unarmed Combat
  8706 | Lair:1   | 8706 ||| INVOKING Fiery Armour.
  8836 | Lair:1   | 8836 ||| INVOKING Fiery Armour.
  8837 | Lair:1   | 8837 ||| Stepping ~*~*~tactically~*~*~ (outnumbered).
  8838 | Lair:1   | Reached skill level 6 in Fighting
  8838 | Lair:1   | 8838 ||| Stepping ~*~*~tactically~*~*~ (outnumbered).
  8991 | Lair:1   | 8991 ||| INVOKING Fiery Armour.
  8998 | Lair:1   | Reached XP level 11. HP: 105/105 MP: 9/11
  9067 | Lair:1   | Reached skill level 15 in Unarmed Combat
  9129 | Lair:1   | Noticed a catoblepas
  9130 | Lair:1   | 9130 ||| Stepping ~*~*~tactically~*~*~ (hiding).
  9135 | Lair:1   | 9135 ||| INVOKING Fiery Armour.
  9138 | Lair:1   | 9138 ||| Stepping ~*~*~tactically~*~*~ (cloud).
  9139 | Lair:1   | 9139 ||| Stepping ~*~*~tactically~*~*~ (cloud).
  9140 | Lair:1   | Killed a catoblepas
  9543 | Lair:1   | 9543 ||| READING 2 scrolls of identify.
  9543 | Lair:1   | 9543 ||| IDENTIFYING bubbling white potion
  9544 | Lair:1   | 9544 ||| DROPPING potion of berserk rage.
  9560 | Lair:2   | Noticed Harold
  9562 | Lair:2   | 9562 ||| STAIRDANCE
  9570 | Lair:1   | Killed Harold
  9723 | Lair:2   | 9723 ||| STAIRDANCE
  9860 | Lair:2   | Reached skill level 16 in Unarmed Combat
  9928 | Lair:2   | Found a staircase to the Shoals.
 10164 | Lair:2   | Noticed an eight-headed hydra
 10165 | Lair:2   | 10165 ||| INVOKING Fiery Armour.
 10171 | Lair:2   | Killed a ten-headed hydra
 10334 | Lair:2   | 10334 ||| Stepping ~*~*~tactically~*~*~ (stealth).
 10335 | Lair:2   | 10335 ||| INVOKING Fiery Armour.
 10337 | Lair:2   | 10337 ||| Stepping ~*~*~tactically~*~*~ (hiding).
 10500 | Lair:2   | 10500 ||| READING scroll labelled LOUSCH XANGELARR.
 10526 | Lair:3   | 10526 ||| INVOKING Fiery Armour.
 10527 | Lair:3   | 10527 ||| STAIRDANCE
 10529 | Lair:2   | 10529 ||| PLANNING TEMPLE
 10695 | Temple   | Entered the Ecumenical Temple
 10696 | Temple   | 10696 ||| PLANNING CONVERSION TO OKAWARU
 10700 | Temple   | Fell from the grace of Ignis
 10700 | Temple   | Became a worshipper of Warmaster Okawaru
 10701 | Temple   | 10701 ||| PLANNING LAIR
 10701 | Temple   | 10701 ||| REMOVING amulet "Wiyst" {Spirit rElec}.
 10864 | Lair:3   | 10864 ||| STAIRDANCE
 10874 | Lair:3   | 10874 ||| Stepping ~*~*~tactically~*~*~ (outnumbered).
 10875 | Lair:3   | 10875 ||| Stepping ~*~*~tactically~*~*~ (outnumbered).
 10876 | Lair:3   | 10876 ||| Stepping ~*~*~tactically~*~*~ (outnumbered).
 10884 | Lair:3   | 10884 ||| FLEEEEING.
 10885 | Lair:3   | 10885 ||| FLEEEEING.
 10886 | Lair:3   | 10886 ||| FLEEEEING.
 10887 | Lair:3   | 10887 ||| STAIRDANCE
 10982 | Lair:3   | Found a hole to the Spider Nest.
 10994 | Lair:3   | Reached XP level 12. HP: 82/118 MP: 12/12
 11101 | Lair:3   | Reached * piety under Okawaru
 11102 | Lair:3   | Reached skill level 17 in Unarmed Combat
 11106 | Lair:3   | 11106 ||| Stepping ~*~*~tactically~*~*~ (outnumbered).
 11107 | Lair:3   | 11107 ||| Stepping ~*~*~tactically~*~*~ (outnumbered).
 11108 | Lair:3   | 11108 ||| Stepping ~*~*~tactically~*~*~ (outnumbered).
 11135 | Lair:3   | Reached skill level 1 in Invocations
 11162 | Lair:3   | 11162 ||| INVOKING Heroism.
 11239 | Lair:3   | Reached ** piety under Okawaru
 11268 | Lair:3   | Reached skill level 3 in Invocations
 11297 | Lair:3   | 11297 ||| INVOKING Heroism.
 11772 | Lair:3   | 11772 ||| UPGRADING to ring of willpower.
 11774 | Lair:3   | 11774 ||| DRINKING 2 gluggy blue potions.
 11806 | Lair:3   | 11806 ||| DROPPING potion of lignification.
 11881 | Lair:4   | You fall into a shaft and drop 1 floor!
 11881 | Lair:5   | Entered Level 5 of the Lair of Beasts
 11881 | Lair:5   | Noticed Sonja
 11882 | Lair:5   | Killed Sonja
 11912 | Lair:5   | 11912 ||| Stepping ~*~*~tactically~*~*~ (stealth).
 11913 | Lair:5   | 11913 ||| INVOKING Heroism.
 11947 | Lair:5   | Noticed a four-headed hydra
 11948 | Lair:5   | 11948 ||| INVOKING Heroism.
 11955 | Lair:5   | 11955 ||| Stepping ~*~*~tactically~*~*~ (stealth).
 11965 | Lair:5   | 11965 ||| INVOKING Heroism.
 11969 | Lair:5   | Killed a six-headed hydra
 11971 | Lair:5   | Reached *** piety under Okawaru
 12033 | Lair:5   | 12033 ||| INVOKING Heroism.
 12037 | Lair:5   | Noticed a four-headed hydra
 12041 | Lair:5   | Killed a six-headed hydra
 12042 | Lair:5   | Reached skill level 18 in Unarmed Combat
 12048 | Lair:5   | 12048 ||| Stepping ~*~*~tactically~*~*~ (stealth).
 12049 | Lair:5   | 12049 ||| Stepping ~*~*~tactically~*~*~ (stealth).
 12053 | Lair:5   | 12053 ||| Stepping ~*~*~tactically~*~*~ (stealth).
 12054 | Lair:5   | 12054 ||| INVOKING Heroism.
 12055 | Lair:5   | 12055 ||| Stepping ~*~*~tactically~*~*~ (stealth).
 12057 | Lair:5   | 12057 ||| Stepping ~*~*~tactically~*~*~ (stealth).
 12075 | Lair:5   | Reached skill level 3 in Armour
 12163 | Lair:5   | Noticed Snorg
 12164 | Lair:5   | 12164 ||| INVOKING Heroism.
 12170 | Lair:5   | 12170 ||| Stepping ~*~*~tactically~*~*~ (stealth).
 12171 | Lair:5   | 12171 ||| Stepping ~*~*~tactically~*~*~ (stealth).
 12176 | Lair:5   | Killed Snorg
 12176 | Lair:5   | Reached **** piety under Okawaru
 12191 | Lair:5   | 12191 ||| Stepping ~*~*~tactically~*~*~ (outnumbered).
 12192 | Lair:5   | 12192 ||| Stepping ~*~*~tactically~*~*~ (outnumbered).
 12193 | Lair:5   | 12193 ||| Stepping ~*~*~tactically~*~*~ (outnumbered).
 12197 | Lair:5   | 12197 ||| READING scroll labelled GATRIA LYSK.
 12221 | Lair:5   | 12221 ||| INVOKING Heroism.
 12230 | Lair:5   | Received a gift from Okawaru
 12332 | Lair:4   | 12332 ||| INVOKING Heroism.
 12336 | Lair:4   | Reached XP level 13. HP: 127/127 MP: 12/15
 12377 | Lair:4   | 12377 ||| INVOKING Heroism.
 12505 | Lair:4   | 12505 ||| INVOKING Heroism.
 12506 | Lair:4   | 12506 ||| Stepping ~*~*~tactically~*~*~ (stealth).
 12507 | Lair:4   | 12507 ||| Stepping ~*~*~tactically~*~*~ (stealth).
 12509 | Lair:4   | 12509 ||| Stepping ~*~*~tactically~*~*~ (outnumbered).
 12510 | Lair:4   | 12510 ||| Stepping ~*~*~tactically~*~*~ (outnumbered).
 12511 | Lair:4   | 12511 ||| Stepping ~*~*~tactically~*~*~ (outnumbered).
 12512 | Lair:4   | 12512 ||| Stepping ~*~*~tactically~*~*~ (outnumbered).
 12517 | Lair:4   | 12517 ||| Stepping ~*~*~tactically~*~*~ (outnumbered).
 12518 | Lair:4   | 12518 ||| Stepping ~*~*~tactically~*~*~ (outnumbered).
 12519 | Lair:4   | 12519 ||| Stepping ~*~*~tactically~*~*~ (outnumbered).
 12685 | Lair:4   | Found a staircase to the Slime Pits.
 12701 | Lair:4   | 12701 ||| INVOKING Heroism.
 12702 | Lair:4   | 12702 ||| Stepping ~*~*~tactically~*~*~ (stealth).
 12717 | Lair:4   | 12717 ||| Stepping ~*~*~tactically~*~*~ (outnumbered).
 12718 | Lair:4   | 12718 ||| Stepping ~*~*~tactically~*~*~ (outnumbered).
 12719 | Lair:4   | 12719 ||| Stepping ~*~*~tactically~*~*~ (outnumbered).
 12721 | Lair:4   | 12721 ||| Stepping ~*~*~tactically~*~*~ (outnumbered).
 12732 | Lair:4   | Reached skill level 6 in Invocations
 12733 | Lair:4   | Reached ***** piety under Okawaru
 12734 | Lair:4   | 12734 ||| FLEEEEING.
 12889 | Lair:4   | 12889 ||| Stepping ~*~*~tactically~*~*~ (stealth).
 12890 | Lair:4   | 12890 ||| Stepping ~*~*~tactically~*~*~ (stealth).
 12905 | Lair:4   | Identified the +0 kite shield "Empenu" {rElec Str+4 Dex+2
                  | Stlth-} (Okawaru gifted it to you on level 4 of the Lair of
                  | Beasts)
 12905 | Lair:4   | Received a gift from Okawaru
 12906 | Lair:4   | 12906 ||| Stepping ~*~*~tactically~*~*~ (outnumbered).
 12907 | Lair:4   | 12907 ||| Stepping ~*~*~tactically~*~*~ (outnumbered).
 12908 | Lair:4   | 12908 ||| Stepping ~*~*~tactically~*~*~ (outnumbered).
 12909 | Lair:4   | 12909 ||| Stepping ~*~*~tactically~*~*~ (outnumbered).
 12910 | Lair:4   | 12910 ||| Stepping ~*~*~tactically~*~*~ (outnumbered).
 12911 | Lair:4   | 12911 ||| Stepping ~*~*~tactically~*~*~ (outnumbered).
 12912 | Lair:4   | 12912 ||| Stepping ~*~*~tactically~*~*~ (outnumbered).
 12913 | Lair:4   | 12913 ||| Stepping ~*~*~tactically~*~*~ (outnumbered).
 12948 | Lair:4   | 12948 ||| Stepping ~*~*~tactically~*~*~ (outnumbered).
 13111 | Lair:4   | 13111 ||| Stepping ~*~*~tactically~*~*~ (outnumbered).
 13265 | Lair:4   | 13265 ||| INVOKING Heroism.
 13382 | Lair:4   | 13382 ||| UPGRADING to +0 kite shield "Empenu" {rElec Str+4
                  | Dex+2 Stlth-}.
 13442 | Lair:5   | 13442 ||| INVOKING Heroism.
 13463 | Lair:5   | 13463 ||| INVOKING Heroism.
 13476 | Lair:5   | Reached skill level 1 in Shields
 13661 | Lair:5   | Noticed a dire elephant
 13661 | Lair:5   | Noticed a dire elephant
 13663 | Lair:5   | Noticed a dire elephant
 13664 | Lair:5   | 13664 ||| INVOKING Heroism.
 13669 | Lair:5   | Killed a dire elephant
 13764 | Lair:5   | 13764 ||| INVOKING Heroism.
 13779 | Lair:5   | Reached skill level 3 in Shields
 13817 | Lair:5   | 13817 ||| INVOKING Heroism.
 13992 | Lair:5   | 13992 ||| INVOKING Heroism.
 13995 | Lair:5   | 13995 ||| Stepping ~*~*~tactically~*~*~ (outnumbered).
 14016 | Lair:5   | 14016 ||| Stepping ~*~*~tactically~*~*~ (stealth).
 14019 | Lair:5   | 14019 ||| Stepping ~*~*~tactically~*~*~ (hiding).
 14025 | Lair:5   | 14025 ||| Stepping ~*~*~tactically~*~*~ (outnumbered).
 14025 | Lair:5   | Killed a dire elephant
 14027 | Lair:5   | Killed a dire elephant
 14087 | Lair:5   | 14087 ||| Stepping ~*~*~tactically~*~*~ (hiding).
 14091 | Lair:5   | 14091 ||| INVOKING Heroism.
 14100 | Lair:5   | HP: 25/127 [cane toad simulacrum[a necromancer] (8)]
 14101 | Lair:5   | 14101 ||| READING 7 scrolls of teleportation.
 14102 | Lair:5   | 14102 ||| DRINKING 3 potions of heal wounds.
 14103 | Lair:5   | 14103 ||| DRINKING 2 potions of heal wounds.
 14103 | Lair:5   | HP: 11/127 [cane toad simulacrum[a necromancer] (12)]
 14103 | Lair:5   | HP: 4/127 [cane toad simulacrum[a necromancer] (7)]
 14104 | Lair:5   | 14104 ||| DRINKING potion of heal wounds.
 14104 | Lair:5   | Mangled by an elephant simulacrum

Levels and vault maps discovered:
D:1:      eino_arrival_cavern_b, layout_loops_corners, basic_ecumenical_altar,
          serial_shops, shop_coins, st_stairs_5
D:2:      cheibrodos_helix_gallery, layout_loops_corners,
          minmay_close_crescents, uniq_jessica
D:3:      minmay_octagon_keep, layout_basic, lemuel_crystal_altar,
          serial_curves, eino_curves_01, eino_curves_03, eino_curves_01,
          eino_curves_03
D:4:      layout_loops_ring, minmay_misc_feat_tiny, nicolae_inconvenience_store,
          uniq_grinder
D:5:      layout_rooms, uniq_edmund
D:6:      layout_basic, slow_altar_2, temple_green
D:7:      layout_basic, serial_shops, nicolae_lakefront_shop,
          minmay_misc_feat_roman, minmay_unpleasant_kobolds, uniq_maggie
D:8:      layout_loops_corners
D:9:      layout_loops_corners, due_lair_maze_entry_diamond
Temple:   nicolae_temple_ecumenical_triangle
Lair:1:   layout_long_grid, ebering_ghost_inner_flame, lemuel_fruit_fields
Lair:2:   layout_hall_layers, minmay_shoals_entry_beasts, forest_entry_grove,
          uniq_harold
Lair:3:   layout_hall_layers, dummy_spider_entry, grunt_megastairs_3
Lair:4:   layout_regular_city, minmay_slime_entry_pillars, serial_bayou_shore_a
Lair:5:   due_jungle_book, layout_gridlike, uniq_snorg, uniq_sonja

Skill      XL: |  1  2  3  4  5  6  7  8  9 10 11 12 13 |
---------------+----------------------------------------+-----
Unarmed Combat | 4 6 7 8 9 11 12 14 16 18 | 18.5
Fighting       | 3 4 5 6 7 8 |  8.0
Dodging        | 1 2 |  2.0
Throwing       | 1 2 4 5 |  5.0
Armour         | 1 2 3 |  3.0
Invocations    | 4 8 |  8.4
Shields        | 5 |  5.0
Spellcasting   | |  1.0
Fire Magic     | |  2.1

Action                   |  1- 3 |  4- 6 |  7- 9 | 10-12 | 13-15 || total
-------------------------+-------+-------+-------+-------+-------++-------
Melee: Unarmed           |    39 |   105 |   226 |   291 |   205 ||   866
       Punch             |     3 |     3 |    11 |    19 |    13 ||    49
Throw: Boomerang         |     8 |    70 |    43 |    27 |       ||   148
       Javelin           |       |       |       |    67 |     9 ||    76
Invok: Fiery Armour      |     1 |     2 |     3 |     7 |       ||    13
       Heroism           |       |       |       |    10 |    11 ||    21
  Use: Scroll            |     3 |     4 |    13 |     5 |     1 ||    26
       Potion            |       |     1 |     4 |     1 |     3 ||     9
 Stab: Sleeping          |       |       |       |     1 |       ||     1
Armor: Robe              |    11 |    30 |    43 |       |       ||    84
       Skin              |     5 |       |       |       |       ||     5
       Acid dragon scale |       |       |    26 |    92 |    41 ||   159
Dodge: Dodged            |    11 |    31 |   101 |    92 |    50 ||   285
Block: Kite shield       |       |       |       |       |    15 ||    15

Table legend:
 A = Non-vault XP
 B = Vault XP
 C = Vault XP percentage of total XP
 D = Non-vault monster count
 E = Vault monster count
 F = Vault count percentage of total count
                 A         B        C        D         E       F
            +---------+---------+-------+---------+---------+-------
      Total |   40670 |   20594 |  33.6 |     288 |      80 |  21.7
            +---------+---------+-------+---------+---------+-------
        D:1 |      18 |       3 |  14.3 |      11 |       2 |  15.4
        D:2 |      62 |      43 |  41.0 |      15 |       6 |  28.6
        D:3 |      55 |     122 |  68.9 |      14 |       8 |  36.4
        D:4 |     367 |     272 |  42.6 |      24 |       1 |   4.0
        D:5 |     414 |     164 |  28.4 |      13 |       1 |   7.1
        D:6 |     557 |       5 |   0.9 |      22 |       1 |   4.3
        D:7 |    1146 |     107 |   8.5 |      18 |       6 |  25.0
        D:8 |    1084 |       0 |   0.0 |      25 |       0 |   0.0
        D:9 |    2336 |    1316 |  36.0 |      17 |       9 |  34.6
     Lair:1 |    5821 |     857 |  12.8 |      28 |       1 |   3.4
     Lair:2 |    3636 |    2132 |  37.0 |      13 |      10 |  43.5
     Lair:3 |    5845 |     668 |  10.3 |      21 |       3 |  12.5
     Lair:4 |    9855 |     624 |   6.0 |      35 |       4 |  10.3
     Lair:5 |    9474 |   14281 |  60.1 |      32 |      28 |  46.7
            +---------+---------+-------+---------+---------+-------
